 Dungeon Crawl Stone Soup version 0.30-a0-860-g512cf1e979 (webtiles) character file.

Game seed: 13601512156453415028

149 Zenkrye the Poker (level 5, -4/41 HPs)
             Began as a Human Cinder Acolyte on Mar 7, 2023.
             Was a High Priest of Ignis.
             Killed from afar by a white imp (9 damage)
             ... with a puff of frost
             ... summoned by Natasha
             ... on level 3 of the Dungeon.
             The game lasted 00:05:38 (2673 turns).

Zenkrye the Poker (Human Cinder Acolyte)            Turns: 2673, Time: 00:05:39

Health: -4/41      AC:  4    Str: 16    XL:     5   Next: 56%
Magic:  5/8        EV: 11    Int: 15    God:    Ignis [*****.]
Gold:   145        SH:  0    Dex:  8    Spells: 6/8 levels left

rFire   + . .      SeeInvis .    a - +0 spear (flame)
rCold   . . .      Faith    .    (no shield)
rNeg    . . .      Spirit   .    b - +1 robe
rPois   .          Reflect  .    n - +0 helmet
rElec   .          Rampage  .    (no cloak)
rCorr   .                        (no gloves)
Will    .....                    (no boots)
Stlth   +                        (no amulet)
HPRegen 0.26/turn                p - ring of flight
MPRegen 0.11/turn                (no ring)

@: flying
A: no striking features
a: Renounce Religion, Fiery Armour, Foxfire Swarm, Rising Flame


You were on level 3 of the Dungeon.
You worshipped Ignis.
Ignis was extremely pleased with you.
You visited 1 branch of the dungeon, and saw 3 of its levels.

You collected 145 gold pieces.

Inventory:

Hand Weapons
 a - a +0 spear of flaming (weapon)
 k - a +0 spear
Armour
 b - a +1 robe (worn)
 l - a +0 scale mail
 m - a +0 chain mail
 n - a +0 helmet (worn)
Jewellery
 e - a ring of see invisible
 p - a ring of flight (left hand)
Scrolls
 f - 2 scrolls of immolation
 g - a scroll of enchant weapon
 j - 2 scrolls of identify {unknown}
 r - a scroll of blinking {unknown}
Potions
 c - a potion of heal wounds {@q2}
 d - 3 potions of haste {unknown}
 h - a potion of degeneration {unknown}
 i - a potion of magic {unknown}
 o - 2 potions of curing {unknown}
 q - a potion of attraction {unknown}


   Skills:
 - Level 3.0 Fighting
 * Level 4.6 Polearms
 - Level 2.0 Spellcasting
 + Level 4.1 Fire Magic


You had 6 spell levels left.
You knew the following spells:

 Your Spells              Type           Power      Damage    Failure   Level
a - Scorch                Fire           26%        2d6       6%          2

Your spell library contained the following spells:

 Spells                   Type           Power      Damage    Failure   Level


Dungeon Overview and Level Annotations

Branches:
Dungeon (3/15)

Altars:
Ru

Shops:
D:3 =

Annotations:
D:2 1 runed translucent door, Crazy Yiuf
D:3 Natasha


Message History

Aim: Natasha (heavily wounded, more vulnerable to fire, about 47% to evade your +0 spear of flaming)
You reach to attack!
You closely miss Natasha.
Natasha is heavily wounded.
The white imp barely misses you.
An orc comes into view.
It is wielding a +0 flail of protection.
You closely miss Natasha.
Natasha is heavily wounded.
The orc shouts!
Natasha casts a spell at you. You resist with some effort.
The white imp hits you. The white imp freezes you.
You hit Natasha. You burn Natasha.
Natasha is severely wounded.
Natasha is no longer more vulnerable to fire.
The white imp picks up a beetle and eats it.
Natasha barely misses you. The white imp hits you. The white imp freezes you.
You barely miss Natasha.
Natasha is severely wounded.
Natasha closely misses you. The white imp hits you. The white imp freezes you.
You hit Natasha. You burn Natasha.
Natasha is almost dead.
An orc comes into view. It is wielding a +0 falchion.
An orc comes into view. It is wielding a +0 club.
Natasha mumbles some strange words.
The white imp hits you but does no damage.
You barely miss Natasha.
Natasha is almost dead.
The orc shouts!
Natasha casts a spell at you. The magic dart hits you.
You closely miss Natasha.
Natasha is almost dead.
The white imp gestures at you. The puff of frost hits you!
* * * LOW HITPOINT WARNING * * *
You barely miss Natasha.
Natasha is almost dead.
Natasha claws you but does no damage.
The crimson imp blinks!
The white imp gestures at you. The puff of frost hits you!
You die...

###### ...... .. ......
$.. ##### #.# ....#
..## ###. ....# ...
..... ....###
#.#####o..... ......#
#....@55o.o.. ##....#
#...##h§..o.. #....#
#.[.# .#...#.
##....######...# .# ..#
......'...##...# .' .#
#.....###.##...####...#
#.##.## #.##..........
#.##.####.####.#####..
#.##.#................


You could see Natasha, 2 white imps and 4 orcs.

Vanquished Creatures
  Natasha (twice) (D:2 D:3)
  Robin (D:1)
  An adder (D:3)
  2 worms (D:2)
  3 dart slugs
  2 bats
  5 endoplasms
  3 giant cockroaches
  13 goblins
  8 hobgoblins
  3 jackals (D:1)
  3 quokkas
  4 ball pythons
  3 frilled lizards
  7 kobolds
  4 rats (D:1)
64 creatures vanquished.

Notes
Turn   | Place    | Note
-------+----------+-------------------------------------------
     0 | D:1      | Zenkrye the Human Cinder Acolyte began the quest for the
                  | Orb.
     0 | D:1      | Reached XP level 1. HP: 18/18 MP: 2/2
   162 | D:1      | Reached XP level 2. HP: 24/24 MP: 3/3
   165 | D:1      | Learned a level 2 spell: Scorch
   358 | D:1      | Reached XP level 3. HP: 29/29 MP: 4/4
   916 | D:2      | Noticed Natasha
  1152 | D:2      | Killed Natasha
  1153 | D:2      | Reached XP level 4. HP: 28/35 MP: 0/6
  1259 | D:2      | Found a faded altar of an unknown god.
  1473 | D:2      | Noticed Robin
  1499 | D:2      | Noticed Natasha
  1636 | D:3      | Killed Natasha
  1637 | D:3      | Reached XP level 5. HP: 20/41 MP: 4/7
  1867 | D:2      | Found a runed translucent door.
  1868 | D:2      | Noticed Crazy Yiuf
  1923 | D:1      | Killed Robin
  2423 | D:3      | Found a sacrificial altar of Ru.
  2557 | D:3      | Found Ekhlo Cuanoap's Jewellery Emporium.
  2661 | D:3      | Noticed Natasha
  2673 | D:3      | Killed from afar by a white imp

Illustrated notes

Levels and vault maps discovered:
D:1:      minmay_arrival_stair_chambers, layout_basic
D:2:      layout_loops_ring, chequers_ecumenical_altar_simple, uniq_robin,
          uniq_crazy_yiuf_cottage, uniq_natasha
D:3:      layout_basic, nicolae_ru_awakened_eye, marbit_many_paths,
          serial_shops, shop

Skill      XL: |  1  2  3  4  5 |
---------------+----------------+-----
Polearms       | 4 |  4.6
Fire Magic     | 4 |  4.1
Spellcasting   | 2 |  2.0
Fighting       | |  3.0

Action                     |  1- 3 |  4- 6 || total
---------------------------+-------+-------++-------
  Melee: Spear             |   122 |   107 ||   229
         Punch             |     1 |       ||     1
   Cast: Scorch            |     5 |     9 ||    14
    Use: Scroll            |     3 |     1 ||     4
         Potion            |       |     1 ||     1
 Armour: Robe              |    12 |    27 ||    39
  Dodge: Dodged            |    45 |    48 ||    93

Table legend: (Time is in decaauts)
 A = Elapsed time spent in this place.
 B = Non-inter-level travel time spent in this place.
 C = Inter-level travel time spent in this place.
 D = Time resting spent in this place.
 E = Time spent auto-exploring this place.
 F = Levels seen in this place.
 G = Mean time per level.
                   A        B        C        D        E       F      G
               +--------+--------+--------+--------+--------+-----+--------+
         Total |   2662 |   2447 |    215 |    120 |   1821 |   3 |  887.3 |
       Dungeon |   2662 |   2447 |    215 |    120 |   1821 |   3 |  887.3 |
               +--------+--------+--------+--------+--------+-----+--------+

Top non-repeatable levels by time:
     D:2: 1170 daAuts
     D:1: 1037 daAuts
     D:3: 454 daAuts
